 Dungeon Crawl Stone Soup version 0.29.1-15-g9cfb28693d (webtiles) character file.

Game seed: 11426755313667673281

693 croobank the Covert (level 7, -16/49 HPs)
             Began as an Octopode Delver on Feb 24, 2023.
             Demolished by an ogre
             ... wielding a +0 giant spiked club
              (40 damage)
             ... on level 5 of the Dungeon.
             The game lasted 00:15:54 (5582 turns).

croobank the Covert (Octopode Delver)               Turns: 5582, Time: 00:15:55

Health: -16/49     AC:  1    Str: 12    XL:     7   Next: 64%
Magic:  7/9        EV: 14    Int: 14    God:
Gold:   220        SH:  0    Dex: 13    Spells: 7/9 levels left

rFire   . . .      SeeInvis .   a - +0 hand axe
rCold   . . .      Faith    .   (no shield)
rNeg    . . .      Spirit   .   (helmet restricted)
rPois   .          Reflect  .   (no amulet)
rElec   .          Harm     .   (no ring)
rCorr   .          Rampage  .   (no ring)
Will    .....                   (no ring)
Stlth   +++++.....              (no ring)
HPRegen 0.16/turn               (no ring)
MPRegen 0.11/turn               (no ring)
                                (no ring)
                                (no ring)

@: no status effects
A: almost no armour, amphibious, 8 rings, camouflage 1, gelatinous body 1,
(nimble swimmer 1), tentacles
a: no special abilities


You were on level 5 of the Dungeon.
You visited 1 branch of the dungeon, and saw 7 of its levels.

You collected 220 gold pieces.

Inventory:

Hand Weapons
 a - a +0 hand axe (weapon)
 c - a +5 dagger
 h - a +2 glaive of protection
 j - a +0 short sword
 u - a +0 long sword
 C - a +0 long sword
Missiles
 n - 8 poisoned darts (quivered)
 o - 5 boomerangs
Wands
 f - a wand of digging (2)
 v - a wand of charming (15)
 z - a wand of flame (7)
Scrolls
 b - a scroll of fog
 d - a scroll of fear
 i - a scroll of enchant armour
 k - a scroll of magic mapping
 s - a scroll of blinking
 y - a scroll of identify
Potions
 e - 2 potions of haste
 g - a potion of resistance
 l - a potion of mutation
 m - a potion of heal wounds {unknown}
 p - a potion of brilliance
 q - a potion of might {unknown}
 r - 2 potions of attraction {unknown}
 t - a potion of invisibility {unknown}
 w - a potion of curing {unknown}
 x - a potion of berserk rage {unknown}
 A - a potion of cancellation {unknown}
 D - a potion of ambrosia


   Skills:
 + Level 4.5 Fighting
 + Level 4.0 Axes
 + Level 3.9 Dodging
 + Level 8.2 Stealth
 * Level 1.9 Spellcasting
 * Level 2.0 Hexes
 * Level 2.0 Ice Magic


You had 7 spell levels left.
You knew the following spells:

 Your Spells              Type           Power      Damage    Failure   Level
a - Ensorcelled Hibernat  Hex/Ice        14%        N/A       16%         2

Your spell library contained the following spells:

 Spells                   Type           Power      Damage    Failure   Level
 Passwall                 Tmut/Erth      0%         N/A       36%         2
 Swiftness                Air            1%         N/A       58%         3


Dungeon Overview and Level Annotations

Branches:
Dungeon (7/15)
 Temple: D:4-7

Altars:
Kikubaaqudgha
Uskayaw

Shops:
D:4 (

Annotations:
D:2 Sigmund


Innate Abilities, Weirdness & Mutations

You cannot wear most types of armour.
You are amphibious.
You can wear up to eight rings at the same time.
Your skin changes colour to match your surroundings (Stealth+).
Your rubbery body absorbs attacks. (AC +1, EV +1)
((You are camouflaged when in or above water. (Stealth+)))
You have tentacles for arms and can constrict up to eight enemies at once.


Message History

You constrict the hound. The hound barely misses you.
You hit the orc. You grab the orc.
The orc is severely wounded.
You hit the hound. You constrict the orc. You constrict the hound.
The hound bites you.
An ogre comes into view. It is wielding a +0 giant spiked club.
The orc hits you with a +0 hand axe. The hound bites you.
The ogre shouts!
You hit the hound.
You kill the hound!
You hit the orc.
You kill the orc!
The orc barely misses you.
Your Axes skill increases to level 4!
Your Hexes skill increases to level 2!
You hit the orc. You grab the orc.
The orc is heavily wounded.
You constrict the orc. The orc hits you with a +0 flail.
You slash the orc!
You kill the orc!
You hit the orc but do no damage. You constrict the orc.
The orc hits you with a +0 flail.
You hit the orc.
You kill the orc!
Casting: Ensorcelled Hibernation (safe; 16% risk of failure)
Confirm with . or Enter, or press ? or * to list all spells.
Aiming: Ensorcelled Hibernation (safe; 16% risk of failure)
Press: ? - help, Shift-Dir - straight line, f - ogre
Aim: an ogre, wielding a +0 giant spiked club (chance to affect: 40%)
The ogre looks drowsy...
Things that are here:
a +0 flail; an orc corpse; a hound corpse The helpless ogre fails to defend itself.
You hit the ogre. Your squeeze misses the ogre.
The ogre is lightly wounded.
The ogre closely misses you.
You hit the ogre. You squeeze the ogre!
The ogre is heavily wounded.
The ogre hits you with a +0 giant spiked club!!!
Ouch! That really hurt!
You die...

.................
...............
.............
...................#
..h...............#
....... .........#
#.....###O#......#
#.....#.)@#......#
#.....#.†.'......#
#.....#...#......# #
#.....#####......# #
#................# #
#................# #
#................#
##
#............>...#
.+
####'######).....#


You could see an ogre.

Vanquished Creatures
  A black bear (D:4)
  A bullfrog (D:3)
  A necrophage (D:4)
  A scorpion (D:4)
  A jelly (D:4)
  4 hounds
  2 orc wizards (D:5)
  6 adders
  4 gnolls (D:5)
  A white imp (D:5)
  A dart slug (D:1)
  7 orcs
  3 bats (D:1)
  4 endoplasms
  2 giant cockroaches (D:4)
  6 goblins
  5 hobgoblins
  7 jackals
  6 kobolds
  2 quokkas
  6 ball pythons
  2 frilled lizards
  3 rats
76 creatures vanquished.

Vanquished Creatures (collateral kills)
  An orc priest (D:5)
  An orc wizard (D:5)
2 creatures vanquished.

Vanquished Creatures (others)
  A demonic plant (D:2)
  4 withered plants (D:2)
5 creatures vanquished.

Grand Total: 83 creatures vanquished

Notes
Turn   | Place    | Note
-------+----------+-------------------------------------------
     0 | D:5      | croobank the Octopode Delver began the quest for the Orb.
     0 | D:5      | Reached XP level 1. HP: 16/16 MP: 1/1
    17 | D:6      | Noticed a kobold brigand
    31 | D:7      | Noticed a cyclops
   131 | D:7      | Noticed a gnoll bouda
   172 | D:4      | Found an ancient bone altar of Kikubaaqudgha.
   191 | D:4      | Reached XP level 2. HP: 19/21 MP: 2/2
   256 | D:4      | Found a hide-covered altar of Uskayaw.
   262 | D:4      | Reached skill level 7 in Stealth
   262 | D:4      | Reached XP level 3. HP: 16/26 MP: 3/3
   487 | D:4      | Noticed a sky beast
   508 | D:4      | Noticed a black bear
   585 | D:3      | Reached XP level 4. HP: 25/31 MP: 4/4
  2083 | D:2      | Noticed Sigmund
  2091 | D:2      | Found a faded altar of an unknown god.
  2452 | D:3      | Noticed a bullfrog
  2459 | D:3      | Killed a bullfrog
  2460 | D:3      | Reached XP level 5. HP: 25/37 MP: 5/5
  3133 | D:3      | Learned a level 2 spell: Ensorcelled Hibernation
  3874 | D:4      | Killed a black bear
  3875 | D:4      | Reached XP level 6. HP: 34/43 MP: 5/7
  4103 | D:4      | Noticed a black bear
  4119 | D:4      | Reached skill level 1 in Spellcasting
  4134 | D:4      | Reached skill level 1 in Hexes
  4134 | D:4      | Reached skill level 1 in Ice Magic
  4394 | D:4      | Found Postom's Antique Weapon Emporium.
  4617 | D:4      | Reached XP level 7. HP: 40/48 MP: 7/9
  4691 | D:5      | Reached skill level 8 in Stealth
  5582 | D:5      | Demolished by an ogre

Illustrated notes

Levels and vault maps discovered:
D:1:      lightli_iron_boxes, layout_basic, nrook_mini_backslash,
          dk_noncrumbling_2, st_stairs_12
D:2:      layout_rooms, shapermc_ecumenical_altar_gd,
          chequers_serial_rivers_room_b, uniq_sigmund
D:3:      layout_rooms, kennysheep_generic_room_8
D:4:      minmay_opposing_rooms, layout_rooms, eat_drink_and_be_merry_uskayaw,
          mainiacjoe_overflow_paths, serial_shops,
          nicolae_shop_advertising_works [nicolae_subvault_shop_adworks]
D:5:      minmay_diamond_boxcup, layout_gridville,
          minmay_temple_entry_enclosed_plants, serial_shops, shop
D:6:      kennysheep_kobold_camp, layout_loops_ring, due_unseen_surprise
D:7:      layout_loops_ring, kennysheep_mini, serial_aquarium,
          aquarium_bridge_long_joined [aquarium_subvault_bridge,
          aquarium_subvault_bridge, aquarium_subvault_bridge,
          aquarium_subvault_bridge, aquarium_subvault_bridge,
          aquarium_subvault_wall], aquarium_bridge_island_small
          [aquarium_subvault_small_water, aquarium_subvault_balcony,
          aquarium_subvault_wall, aquarium_subvault_bridge,
          aquarium_subvault_wall], aquarium_window_fake, aquarium_window_1,
          aquarium_window_1, aquarium_window_2, aquarium_view_2a,
          aquarium_view_2a, enter_bailey_6, kennysheep_generic_room_10

Skill      XL: |  1  2  3  4  5  6  7 |
---------------+----------------------+-----
Stealth        | 7 8 |  8.2
Axes           | 3 4 |  4.0
Dodging        | 3 |  3.9
Fighting       | 4 |  4.5
Spellcasting   | 1 |  1.9
Hexes          | 1 2 |  2.0
Ice Magic      | 1 2 |  2.0

Action                   |  1- 3 |  4- 6 |  7- 9 || total
-------------------------+-------+-------+-------++-------
Melee: Hand axe          |    20 |   108 |    42 ||   170
       Tentacles         |     6 |    22 |     7 ||    35
       Constrict         |     6 |    22 |    14 ||    42
       Punch             |       |       |     4 ||     4
Throw: Dart              |       |    10 |       ||    10
       Throwing net      |       |     1 |       ||     1
 Cast: Ensorcelled Hiber |       |       |     7 ||     7
Evoke: Wand              |       |     6 |       ||     6
  Use: Scroll            |     1 |    13 |     2 ||    16
 Stab: Sleeping          |     6 |    13 |     4 ||    23
       Distracted        |       |     1 |     1 ||     2
Armor: Skin              |     2 |     5 |     1 ||     8
Dodge: Dodged            |    16 |    69 |    29 ||   114
